 Dungeon Crawl Stone Soup version 0.27-a0-1081-ge8a0a9c698 (webtiles) character file.

Game seed: 4928846658816276487

44 voltaire321 the Insei (level 3, -5/23 HPs)
             Began as an Octopode Transmuter on Apr 26, 2021.
             Slain by Terence
             ... wielding a +0 flail
              (6 damage)
             ... on level 2 of the Dungeon.
             The game lasted 00:04:18 (1870 turns).

voltaire321 the Insei (Octopode Transmuter)         Turns: 1870, Time: 00:04:19

Health: -5/23      AC:  1    Str:  9    XL:     3   Next: 60%
Magic:  5/6        EV: 13    Int: 15    God:
Gold:   49         SH:  0    Dex: 13    Spells: 1/6 levels left

rFire    . . .     SeeInvis .     - Unarmed
rCold    . . .     Faith    .   (no shield)
rNeg     . . .     Spirit   .   (helmet currently unavailable)
rPois    .         Reflect  .   (no amulet)
rElec    .         Harm     .   (no ring)
rCorr    .         Rampage  .   (no ring)
Will     .....                  (no ring)
Stlth    ++........             (no ring)
HPRegen  0.07/turn              (no ring)
MPRegen  0.10/turn              (no ring)
                                (no ring)
                                (no ring)

@: appendages
A: tentacle spike 3, almost no armour, amphibious, 8 rings, camouflage 1,
gelatinous body 1, (nimble swimmer 1), tentacles
a: End Transformation


You were on level 2 of the Dungeon.
One of your tentacles had grown a beastly spike.
You visited 1 branch of the dungeon, and saw 2 of its levels.

You collected 49 gold pieces.

Inventory:

Missiles
 c - 7 boomerangs (quivered)
 h - 7 javelins
Potions
 a - 3 potions of heal wounds
 b - a potion of curing
 e - a potion of lignification {unknown}
 f - a potion of attraction


   Skills:
 + Level 1.6 Fighting
 + Level 0.8 Throwing
 + Level 2.3 Dodging
 + Level 3.2 Unarmed Combat
 + Level 2.2 Spellcasting
 + Level 0.2 Summonings
 + Level 2.3 Transmutations


You had one spell level left.
You knew the following spells:

 Your Spells              Type           Power      Damage    Failure   Level
a - Beastly Appendage     Tmut           16%        N/A       9%          1
b - Wereblood             Tmut           8%         N/A       12%         2
c - Call Imp              Summ           2%         N/A       30%         2

Your spell library contained the following spells:

 Spells                   Type           Power      Damage    Failure   Level
 Magic Dart               Conj           4%         1d3       22%         1
 Blink                    Tloc           N/A        N/A       32%         2
 Slow                     Hex            1%         N/A       32%         2
 Spider Form              Tmut/Pois      2%         N/A       36%         3
 Conjure Flame            Conj/Fire      1%         6-21      54%         3
 Mephitic Cloud           Conj/Pois/Air  1%         N/A       54%         3
 Ice Form                 Ice/Tmut       5%         N/A       78%         4
 Hydra Form               Tmut           4%         N/A       92%         5


Dungeon Overview and Level Annotations

Branches:
Dungeon (2/15)

Altars:

Annotations:
D:2 Terence


Innate Abilities, Weirdness & Mutations

One of your tentacles has grown a beastly spike.
You cannot wear most types of armour.
You are amphibious.
You can wear up to eight rings at the same time.
Your skin changes colour to match your surroundings (Stealth+).
Your rubbery body absorbs attacks. (AC +1, EV +1)
((You are camouflaged near water. (Stealth+)))
You have tentacles for arms and can constrict up to eight enemies at once.


Message History

Confirm with . or Enter, or press ? or * to list all spells.
One of your tentacles grows a vicious spike.
You tentacle-slap the bat.
You kill the bat!
You now have 49 gold pieces (gained 16).
Your transformation is almost over.
You open the door.
There is an open door here.
Your tentacle spike disappears.
Found a stone staircase leading down.
Found a leather armour.
You see here a +0 leather armour.
Things that are here:
a +0 mace; a scroll of immolation Terence the Incautious comes into view.
He is wielding a +0 flail and wearing a +0 chain mail of fire resistance.
Casting: Beastly Appendage (safe; 9% risk of failure)
Confirm with . or Enter, or press ? or * to list all spells.
One of your tentacles grows a vicious spike.
Terence hits you with a +0 flail.
You tentacle-slap Terence but do no damage.
You grab Terence.
You pierce Terence, but do no damage.
You constrict Terence, but do no damage.
Terence closely misses you.
You tentacle-slap Terence.
You pierce Terence.
Terence is moderately wounded.
You constrict Terence. Terence hits you with a +0 flail.
You tentacle-slap Terence.
Terence is heavily wounded.
You constrict Terence, but do no damage.
Terence hits you with a +0 flail!
Ouch! That really hurt!
* * * LOW HITPOINT WARNING * * *
You tentacle-slap Terence. You squeeze Terence, but do no damage.
Terence is severely wounded.
You constrict Terence. Terence barely misses you.
You tentacle-slap Terence but do no damage.
Terence is almost dead.
You constrict Terence, but do no damage.
Terence hits you with a +0 flail.
You die...

.......#....#...#.....'.......#.#
.###.....)#.#...#.....####...##.#
.# #.......#.........######.###.#
.# #....#.#.....#...###.........#
.###....)#.#...#...## #.#######.#
..................#####.#### #.#
####.########..##........[.####.#
#.########.###..####.##......#
#............@.....>.........#
##.###.###.###@..###.###..#####
##...##.# #.#*.....##.###..#
#.......# #.###............#
##...#### #.# ##.####.####.#
##.## #.# *## #......#
#.#######.# ######## #.........#
###########


You could see Terence.

Vanquished Creatures
  2 adders (D:2)
  A dart slug (D:1)
  An endoplasm (D:1)
  2 giant cockroaches
  2 goblins
  3 hobgoblins
  3 jackals (D:1)
  2 kobolds (D:1)
  A ball python (D:1)
  2 bats
  A frilled lizard (D:1)
  2 rats
22 creatures vanquished.

Notes
Turn   | Place    | Note
-------+----------+-------------------------------------------
     0 | D:1      | voltaire321 the Octopode Transmuter began the quest for the
                  | Orb.
     0 | D:1      | Reached XP level 1. HP: 13/13 MP: 3/3
   333 | D:1      | Reached XP level 2. HP: 18/18 MP: 3/5
   336 | D:1      | Learned a level 2 spell: Wereblood
  1247 | D:2      | Found a faded altar of an unknown god.
  1317 | D:2      | Reached XP level 3. HP: 22/23 MP: 4/6
  1320 | D:2      | Learned a level 2 spell: Call Imp
  1864 | D:2      | Noticed Terence
  1868 | D:2      | HP: 1/23 [Terence/+0 flail (14)]
  1870 | D:2      | Slain by Terence

Illustrated notes

Levels and vault maps discovered:
D:1:      dpeg_arrival_three_bigger_balls, layout_basic
D:2:      layout_loops_corners, hellmonk_ecumenical_altar_blasted,
          minmay_crystal_room, uniq_terence

Action                   || total
-------------------------++-------
Melee: Unarmed           ||    52
       Constrict         ||    14
       Kick              ||    10
       Tentacles         ||    10
 Cast: Beastly Appendage ||    18
  Use: Scroll            ||     7
       Potion            ||     2
 Stab: Sleeping          ||     5
Armor: Skin              ||     5
Dodge: Dodged            ||    25

Table legend: (Time is in decaauts)
 A = Elapsed time spent in this place.
 B = Non-inter-level travel time spent in this place.
 C = Inter-level travel time spent in this place.
 D = Time resting spent in this place.
 E = Time spent auto-exploring this place.
 F = Levels seen in this place.
 G = Mean time per level.
                   A        B        C        D        E       F      G
               +--------+--------+--------+--------+--------+-----+--------+
         Total |   1866 |   1753 |    113 |    212 |   1291 |   2 |  933.0 |
       Dungeon |   1866 |   1753 |    113 |    212 |   1291 |   2 |  933.0 |
               +--------+--------+--------+--------+--------+-----+--------+

Top non-repeatable levels by time:
     D:1: 1048 daAuts
     D:2: 818 daAuts
